 Dungeon Crawl Stone Soup version 0.31-a0-257-gf185e81a89 (webtiles) character file.

Game seed: 3271580589092132948

1255 qw the Skirmisher (level 8, -6/49 HPs)
             Began as a Gargoyle Hexslinger on July 12, 2023.
             Mangled by Maggie
             ... wielding a +4 glaive of distortion
              (15 damage)
             ... on level 6 of the Dungeon.
             The game lasted 00:01:50 (4142 turns).

qw the Skirmisher (Gargoyle Hexslinger)             Turns: 4142, Time: 00:01:51

Health: -6/49      AC:  6    Str: 12    XL:     8   Next: 51%
Magic:  9/9        EV: 18    Int: 14    God:
Gold:   104        SH:  0    Dex: 20    Spells: 8/9 levels left

rFire   . . .        Y - +2 sling (flame)
rCold   + . .        (no shield)
rNeg    + . .        q - +0 robe {rC+}
rPois   inf          (no helmet)
rElec   +            (no cloak)
rCorr   .            (no gloves)
SInv    .            (no boots)
Will    +....        p - amulet of the acrobat
Stlth   ++           e - +6 ring of dexterity
HPRegen 0.28/turn    l - +5 ring of evasion
MPRegen 0.11/turn

%: acrobat
@: no status effects
A: sickness immunity, AC +5, negative energy resistance 1, electricity
resistance, torment resistance 1, petrification resistance, deformed body,
strong-willed 1, sense surroundings 1
a: no special abilities


You were on level 6 of the Dungeon.
You visited 1 branch of the dungeon, and saw 6 of its levels.
You also visited: Sewer.

You collected 309 gold pieces.
You spent 205 gold pieces at shops.


Innate Abilities, Weirdness & Mutations

You are immune to sickness and miasma.
Your stone body is resilient. (AC +5)
You are immune to poison.
You resist negative energy. (rN+)
You are resistant to electric shocks. (rElec)
You are resistant to unholy torment.
You are immune to petrification.
Armour fits poorly on your strangely shaped body.
You are strong-willed. (Will+)
You passively map a small area around you.


   Skills:
 - Level 5.2 Fighting
 + Level 8.6 Ranged Weapons
 - Level 1.0 Armour
 - Level 2.3 Dodging
 - Level 1.0 Spellcasting
 - Level 2.6 Hexes


You had 8 spell levels left.
You knew the following spells:

 Your Spells              Type           Power      Damage    Failure   Level
a - Slow                  Hex            32%        N/A       9%          1

Your spell library contained the following spells:

 Spells                   Type           Power      Damage    Failure   Level
 Inner Flame              Hex/Fire       4%         N/A       41%         3
 Portal Projectile        Hex/Tloc       8%         N/A       41%         3
 Cause Fear               Hex            4%         N/A       65%         4

Inventory:

Hand Weapons
 Y - a +2 sling of flaming (weapon)
Armour
 d - a +0 ring mail
 q - a +0 robe of cold resistance (worn)
Jewellery
 e - a +6 ring of dexterity (left hand)
 l - a +5 ring of evasion (right hand)
 p - an amulet of the acrobat (around neck)
Scrolls
 j - a scroll of identify
 k - a scroll of teleportation
 m - a scroll of enchant armour
Potions
 b - 3 potions of curing
 c - a potion of enlightenment
 f - a potion of might
 h - a potion of mutation
 i - a potion of haste {unknown}
 n - a potion of cancellation {unknown}

Dungeon Overview and Level Annotations

Branches:
Dungeon (6/15)              Sewer (visited)
 Temple: D:4-7

Altars:
Fedhas
Gozag
Kikubaaqudgha
Trog
Vehumet
Yredelemnul

Shops:
D:3 ?   D:4 [=?   D:5 *

Annotations:
D:4 1 runed translucent door
D:6 Grinder, Maggie


Message History

You climb downwards.
Found 19 gold pieces.
Found an escape hatch in the ceiling.
Found a stone staircase leading down.
There is a stone staircase leading up here.
Waypoint 6 assigned to D:6.
Maggie the Vainglorious comes into view.
She is wielding a +4 glaive of distortion.
Maggie shouts!
You hear a shout!
Grinder comes into view.
You shoot a sling bullet. The sling bullet barely misses Maggie.
The sling bullet barely misses Grinder.
You shoot a sling bullet.
The sling bullet hits Maggie but does no damage.
You shoot a sling bullet. The sling bullet hits Maggie!
The sling bullet burns Maggie.
Maggie is lightly wounded.
Maggie says, "Fear not.
I will immortalize you in the tale of my first kill."
You shoot a sling bullet.
The sling bullet hits Maggie but does no damage.
Maggie is lightly wounded.
Maggie casts a spell at you. The bolt of fire hits you!!
Ouch! That really hurt!
You shoot a sling bullet. The sling bullet hits Maggie.
The sling bullet burns Maggie.
Maggie is moderately wounded.
You shoot a sling bullet. The sling bullet hits Maggie!
The sling bullet burns Maggie.
Maggie is heavily wounded.
An adder comes into view.
The adder moves out of view.
You shoot a sling bullet. The sling bullet hits Maggie.
The sling bullet burns Maggie.
Maggie is heavily wounded.
Maggie completely misses you.
You shoot a sling bullet. The sling bullet hits Grinder.
The sling bullet burns Grinder.
Grinder is lightly wounded.
Maggie hits you from afar with a +4 glaive of distortion!
Space warps horribly around you!
You die...

** ,
......... *
,.........,
*
###..#...###
*
#...........
,
#...........
#..>^......
* #.........
#<@5@..... ,
##........
......... *
* , *
....<..... ,
.......##..
#....$..# ,.
#.......# ,
#.......#* ,
, , ,


You could see Maggie and Grinder.

Vanquished Creatures
  Sigmund (D:4)
  An orc warrior (D:4)
  A black bear (D:4)
  2 ogres (D:5)
  A phantom (D:5)
  Blork the orc (D:5)
  2 kobold brigands
  2 scorpions (D:5)
  2 hounds
  An iguana (D:2)
  2 orc wizards
  8 adders
  2 river rats (D:3)
  A white imp (D:3)
  An ufetubus (D:5)
  7 worms
  A dart slug (D:2)
  5 orcs
  8 endoplasms
  3 giant cockroaches (D:3)
  6 goblins
  8 hobgoblins
  6 jackals
  A quokka (D:1)
  4 ball pythons
  3 bats (D:3)
  4 frilled lizards
  14 kobolds
  13 rats
111 creatures vanquished.

Notes
Turn   | Place    | Note
-------+----------+-------------------------------------------
     0 | D:1      | qw the Gargoyle Hexslinger began the quest for the Orb.
     0 | D:1      | Reached XP level 1. HP: 12/12 MP: 2/2
     0 | D:1      | 0 ||| qw: Version: 0.3-a-52-g30416fa
     0 | D:1      | 0 ||| qw: Game counter: 6794
     0 | D:1      | 0 ||| qw: Melee chars always use a shield: true
     0 | D:1      | 0 ||| qw: God list: Okawaru
     0 | D:1      | 0 ||| qw: Allow faded altars: false
     0 | D:1      | 0 ||| qw: Do Orc after clearing Dungeon:15 true
     0 | D:1      | 0 ||| qw: Do second Lair branch before Depths: true
     0 | D:1      | 0 ||| qw: Lair rune preference: random
     0 | D:1      | 0 ||| qw: Goals: Normal
     0 | D:1      | 0 ||| PLANNING D:1-11
   224 | D:1      | Reached XP level 2. HP: 15/16 MP: 3/3
   577 | D:1      | 577 ||| UPGRADING to +0 ring mail.
   587 | D:1      | 587 ||| DROPPING +0 robe.
   588 | D:1      | 588 ||| READING scroll labelled QAFIRE ESSUA.
   589 | D:1      | 589 ||| READING scroll labelled KYACIOP NIHIK.
   590 | D:1      | 590 ||| DROPPING scroll of poison.
   694 | D:2      | Reached skill level 3 in Ranged Weapons
   775 | D:2      | Reached XP level 3. HP: 20/20 MP: 4/4
   851 | D:2      | Found an opulent altar of Gozag.
   878 | D:2      | Reached XP level 4. HP: 12/26 MP: 5/5
  1195 | D:2      | Reached skill level 4 in Ranged Weapons
  1343 | D:2      | 1343 ||| UPGRADING to +6 ring of dexterity.
  1344 | D:2      | 1344 ||| READING scroll labelled TUUDODDOR VINK.
  1348 | D:2      | 1348 ||| READING scroll labelled POSUXUH LECE.
  1370 | D:3      | 1370 ||| PLANNING SEWER
  1412 | D:3      | Reached skill level 1 in Armour
  1656 | D:3      | Reached XP level 5. HP: 30/30 MP: 6/6
  1713 | D:3      | Found Ylotu's Magic Scroll Shoppe.
  1722 | D:3      | 1722 ||| BUYING scroll of enchant armour (105 gold).
  1722 | D:3      | Bought a scroll of enchant armour for 105 gold pieces
  1722 | D:3      | 1722 ||| SHOPLISTING scroll of identify (28 gold, have 13).
  1722 | D:3      | 1722 ||| SHOPLISTING scroll of teleportation (42 gold, have
                  | 13).
  1820 | D:3      | Reached skill level 5 in Ranged Weapons
  1856 | D:3      | Found a glowing drain.
  1857 | D:3      | 1857 ||| DROPPING amulet of magic regeneration.
  1858 | D:3      | 1858 ||| UPGRADING to +5 ring of evasion.
  1859 | D:3      | 1859 ||| READING scroll labelled TENLICH XEBOI.
  1860 | D:3      | 1860 ||| READING 2 scrolls labelled OMEXKOSCH LUPS.
  1861 | D:3      | 1861 ||| DRINKING 2 metallic dark potions.
  1861 | D:3      | Gained mutation: You are strong-willed. (Will+) [potion of
                  | mutation]
  1861 | D:3      | Gained mutation: Armour fits poorly on your strangely
                  | shaped body. [potion of mutation]
  1861 | D:3      | Gained mutation: You passively map a small area around you.
                  | [potion of mutation]
  1862 | D:3      | 1862 ||| DROPPING scroll of vulnerability.
  1870 | Sewer    | Entered a sewer
  1874 | Sewer    | 1874 ||| Stepping ~*~*~tactically~*~*~ (outnumbered).
  1909 | Sewer    | 1909 ||| Stepping ~*~*~tactically~*~*~ (water).
  1952 | Sewer    | 1952 ||| Stepping ~*~*~tactically~*~*~ (water).
  2008 | Sewer    | Reached skill level 3 in Fighting
  2031 | Sewer    | 2031 ||| Stepping ~*~*~tactically~*~*~ (water).
  2033 | Sewer    | 2033 ||| Stepping ~*~*~tactically~*~*~ (water).
  2035 | Sewer    | 2035 ||| Stepping ~*~*~tactically~*~*~ (water).
  2048 | Sewer    | Noticed a kobold brigand
  2056 | Sewer    | Killed a kobold brigand
  2057 | Sewer    | Reached XP level 6. HP: 37/37 MP: 7/7
  2147 | Sewer    | 2147 ||| READING scroll labelled YLIFFE QIAQO.
  2148 | Sewer    | 2148 ||| READING scroll labelled YNGINU RESEJ.
  2149 | Sewer    | 2149 ||| READING scroll labelled AXZIKHL GOAXI.
  2150 | Sewer    | 2150 ||| READING 2 scrolls labelled AFYSSI VOFA.
  2151 | Sewer    | 2151 ||| DRINKING 2 pink potions.
  2152 | Sewer    | 2152 ||| DRINKING 2 grey potions.
  2153 | Sewer    | 2153 ||| DROPPING scroll of fog.
  2165 | D:3      | 2165 ||| PLANNING D:1-11
  2318 | D:4      | 2318 ||| STAIRDANCE
  2319 | D:3      | Found a radiant altar of Vehumet.
  2319 | D:3      | Found a bloodstained altar of Trog.
  2322 | D:3      | Found a blossoming altar of Fedhas.
  2421 | D:4      | Noticed a black bear
  2426 | D:4      | Killed a black bear
  2427 | D:4      | Reached skill level 6 in Ranged Weapons
  2458 | D:4      | Noticed a human
  2459 | D:4      | Found a runed translucent door.
  2462 | D:4      | Found a basalt altar of Yredelemnul.
  2501 | D:4      | Found Jywepteh's Magic Scroll Shoppe.
  2505 | D:4      | 2505 ||| SHOPLISTING 2 scrolls of enchant armour (195 gold,
                  | have 25).
  2505 | D:4      | 2505 ||| SHOPLISTING scroll of enchant armour (97 gold,
                  | have 25).
  2505 | D:4      | 2505 ||| SHOPLISTING scroll of identify (26 gold, have 25).
  2505 | D:4      | 2505 ||| SHOPLISTING scroll of teleportation (39 gold, have
                  | 25).
  2561 | D:4      | Found Nicwustra's Armour Emporium.
  2573 | D:4      | Noticed Sigmund
  2581 | D:4      | Killed Sigmund
  2582 | D:4      | Reached XP level 7. HP: 40/44 MP: 8/8
  2705 | D:4      | Found Qipsis's Jewellery Shop.
  2713 | D:4      | 2713 ||| SHOPLISTING amulet of Fatigue {Spirit rElec rF+++
                  | rC- Regen+} (792 gold, have 59).
  2713 | D:4      | 2713 ||| SHOPLISTING amulet of faith (440 gold, have 59).
  2713 | D:4      | 2713 ||| SHOPLISTING amulet of reflection (330 gold, have
                  | 59).
  2713 | D:4      | 2713 ||| SHOPLISTING amulet of regeneration (330 gold, have
                  | 59).
  2713 | D:4      | 2713 ||| SHOPLISTING ring of protection from fire (275
                  | gold, have 59).
  2733 | D:4      | 2733 ||| READING scroll of brand weapon.
  2733 | D:4      | 2733 ||| BRANDING +2 sling of draining.
  2974 | D:4      | 2974 ||| DROPPING -2 helmet.
  3003 | D:5      | Entered Level 5 of the Dungeon
  3007 | D:5      | 3007 ||| STAIRDANCE
  3051 | D:5      | 3051 ||| STAIRDANCE
  3155 | D:5      | Reached skill level 7 in Ranged Weapons
  3450 | D:5      | Reached XP level 8. HP: 43/48 MP: 9/9
  3531 | D:5      | 3531 ||| Stepping ~*~*~tactically~*~*~ (outnumbered).
  3534 | D:5      | 3534 ||| Stepping ~*~*~tactically~*~*~ (outnumbered).
  3556 | D:5      | 3556 ||| FLEEEEING.
  3557 | D:5      | 3557 ||| FLEEEEING.
  3558 | D:5      | 3558 ||| FLEEEEING.
  3559 | D:5      | 3559 ||| FLEEEEING.
  3560 | D:5      | 3560 ||| FLEEEEING.
  3654 | D:5      | Noticed Blork the orc
  3666 | D:5      | Reached skill level 8 in Ranged Weapons
  3672 | D:5      | HP: 12/48 [ufetubus (1)]
  3673 | D:5      | 3673 ||| READING 2 scrolls of teleportation.
  3675 | D:5      | HP: 1/48 [Blork the orc/+0 trident (7)]
  3876 | D:5      | Killed Blork the orc
  4039 | D:5      | Found Zimp's General Store.
  4047 | D:5      | 4047 ||| BUYING +0 robe of cold resistance (100 gold).
  4047 | D:5      | Bought a +0 robe of cold resistance for 100 gold pieces
  4047 | D:5      | 4047 ||| SHOPLISTING 2 potions of curing (78 gold, have
                  | 24).
  4049 | D:5      | Found an ancient bone altar of Kikubaaqudgha.
  4064 | D:5      | 4064 ||| UPGRADING to +0 robe of cold resistance.
  4074 | D:5      | 4074 ||| UPGRADING to amulet of the acrobat.
  4079 | D:5      | 4079 ||| DROPPING ring of wizardry.
  4080 | D:5      | 4080 ||| READING 4 scrolls of identify.
  4080 | D:5      | 4080 ||| IDENTIFYING brown potion
  4081 | D:5      | 4081 ||| READING 3 scrolls of identify.
  4081 | D:5      | 4081 ||| IDENTIFYING blue potion
  4082 | D:5      | 4082 ||| READING 2 scrolls of identify.
  4082 | D:5      | 4082 ||| IDENTIFYING orange potion
  4083 | D:5      | 4083 ||| DROPPING potion of degeneration.
  4084 | D:5      | 4084 ||| DROPPING potion of lignification.
  4134 | D:6      | Noticed Maggie
  4134 | D:6      | Noticed Grinder
  4142 | D:6      | HP: 9/49 [Maggie/+4 glaive of distortion (15)]
  4142 | D:6      | Mangled by Maggie

Levels and vault maps discovered:
D:1:      lemuel_arrival_tunnels, layout_basic, minmay_tromino_v7
D:2:      layout_basic, basic_altar
D:3:      layout_rooms, nicolae_overflow_hidden_temple,
          lightli_sewer_entry_pipes, serial_shops, nicolae_shop_hallway_plus,
          minmay_checkerbox
D:4:      layout_loops_ring, dk_yredelemnul_ordeal, serial_shops, shop,
          nicolae_shop_scrapyard, nicolae_shop_back_alley_shop, uniq_sigmund
D:5:      nicolae_cairo_tiling_very_big, layout_rooms, amcnicky_altar_gilded,
          serial_shops, shop, lexackson_kobold_supper, uniq_blork_the_orc
D:6:      layout_basic, temple_fountains, nicolae_nh_ransacked_shop,
          uniq_grinder, uniq_edmund, uniq_maggie, uniq_crazy_yiuf_cottage

Skill      XL: |  1  2  3  4  5  6  7  8 |
---------------+-------------------------+-----
Ranged Weapons | 3 4 5 6 7 8 |  8.6
Fighting       | 2 3 4 5 |  5.2
Armour         | 1 |  1.0
Dodging        | 2 |  2.3
Spellcasting   | |  1.0
Hexes          | |  2.6

Action                     |  1- 3 |  4- 6 |  7- 9 || total
---------------------------+-------+-------+-------++-------
   Fire: Sling             |    63 |   176 |   167 ||   406
    Use: Scroll            |     2 |     8 |     5 ||    15
         Potion            |       |     3 |       ||     3
 Armour: Robe              |     2 |       |       ||     2
         Ring mail         |     2 |    25 |    39 ||    66
  Dodge: Dodged            |    11 |    31 |   115 ||   157

Table legend:
 A = Non-vault XP
 B = Vault XP
 C = Vault XP percentage of total XP
 D = Non-vault monster count
 E = Vault monster count
 F = Vault count percentage of total count
                 A         B        C        D         E       F
            +---------+---------+-------+---------+---------+-------
      Total |    1124 |     669 |  37.3 |      68 |      43 |  38.7
            +---------+---------+-------+---------+---------+-------
        D:1 |      12 |       2 |  14.3 |       8 |       1 |  11.1
        D:2 |      90 |       0 |   0.0 |      17 |       0 |   0.0
        D:3 |      41 |     103 |  71.5 |      18 |      18 |  50.0
        D:4 |     358 |     223 |  38.4 |       9 |       1 |  10.0
        D:5 |     623 |     203 |  24.6 |      16 |       9 |  36.0
      Sewer |       0 |     138 | 100.0 |       0 |      14 | 100.0
            +---------+---------+-------+---------+---------+-------
